 Dungeon Crawl Stone Soup version 0.28.0-1-gb440e238dd (webtiles) character file.

Game seed: 15167157388950468118

62 Ablot the Grasshopper (level 4, -9/38 HPs)
             Began as a Gnoll Warper on Feb 24, 2022.
             Killed by nerve-wracking pain
             ... invoked by an orc priest
              (13 damage)
             ... on level 3 of the Dungeon.
             The game lasted 00:02:04 (1951 turns).

Ablot the Grasshopper (Gnoll Warper)                Turns: 1951, Time: 00:02:05

Health: -9/38      AC:  8    Str: 15    XL:     4   Next: 8%
Magic:  11/11      EV: 13    Int: 13    God:
Gold:   35         SH:  0    Dex: 11    Spells: 11/13 levels left

rFire   . . .      SeeInvis .   q - +1 dagger of Armageddon {venom, *Rage Fly Str+3 Stlth+}
rCold   + . .      Faith    .   (no shield)
rNeg    . . .      Spirit   .   b - +0 leather armour
rPois   .          Reflect  .   n - +0 helmet
rElec   .          Harm     .   (no cloak)
rCorr   .          Rampage  .   (no gloves)
Will    .....      Rage     20% (no boots)
Stlth   ++........              (no amulet)
HPRegen 0.12/turn               h - +4 ring of protection
MPRegen 0.12/turn               j - ring of protection from cold

@: on berserk cooldown, flying
A: fangs 1, strong nose, distributed training
a: no special abilities


You were on level 3 of the Dungeon.
You visited 1 branch of the dungeon, and saw 3 of its levels.

You collected 35 gold pieces.

Inventory:

Hand Weapons
 a - a +0 spear
 q - the +1 dagger of Armageddon (weapon) {venom, *Rage Fly Str+3 Stlth+}
   (You found it on level 2 of the Dungeon)

   It poisons the flesh of those it strikes.
   Str:       It affects your strength (+3).
   Fly:       It grants you flight.
   *Rage:     It berserks you when you make melee attacks (+20% chance).
   Stlth:     It makes you more stealthy.
Missiles
 d - 5 boomerangs of dispersal (quivered)
 f - 5 javelins
 g - 4 stones
 p - 15 bolts
Armour
 b - a +0 leather armour (worn)
 n - a +0 helmet (worn)
Jewellery
 h - a +4 ring of protection (left hand)
 j - a ring of protection from cold (right hand)
Wands
 l - a wand of flame (16)
Scrolls
 c - a scroll of blinking
 e - a scroll of magic mapping {unknown}
 i - a scroll of identify {unknown}
 k - a scroll of noise {unknown}
 o - a scroll of immolation {unknown}
Potions
 m - a potion of magic {unknown}


   Skills:
 + Level 4.6 Fighting
 + Level 1.0 Short Blades
 + Level 1.0 Long Blades
 + Level 1.0 Axes
 + Level 1.0 Maces & Flails
 + Level 4.6 Polearms
 + Level 1.0 Staves
 + Level 1.0 Slings
 + Level 1.0 Bows
 + Level 1.0 Crossbows
 + Level 2.7 Throwing
 + Level 2.7 Armour
 + Level 4.6 Dodging
 + Level 1.0 Stealth
 + Level 1.0 Shields
 + Level 1.0 Unarmed Combat
 + Level 5.0 Spellcasting
 + Level 0.7 Conjurations
 + Level 0.7 Hexes
 + Level 0.7 Summonings
 + Level 0.7 Necromancy
 + Level 5.4 Translocations
 + Level 0.7 Transmutations
 + Level 0.7 Fire Magic
 + Level 0.7 Ice Magic
 + Level 0.7 Air Magic
 + Level 0.7 Earth Magic
 + Level 0.7 Poison Magic
 + Level 1.1 Invocations
 + Level 1.0 Evocations


You had 11 spell levels left.
You knew the following spells:

 Your Spells              Type           Power      Damage    Failure   Level
a - Blink                 Tloc           34%        N/A       3%          2

Your spell library contained the following spells:

 Spells                   Type           Power      Damage    Failure   Level
 Gell's Gravitas          Tloc           17%        N/A       8%          3
 Lesser Beckoning         Tloc           17%        N/A       8%          3
 Teleport Other           Tloc           17%        N/A       8%          3
 Sandblast                Erth           10%        2d5       17%         1
 Passwall                 Tmut/Erth      4%         N/A       26%         2
 Stone Arrow              Conj/Erth      10%        3d7       45%         3
 Manifold Assault         Tloc           17%        N/A       56%         5


Dungeon Overview and Level Annotations

Branches:
Dungeon (3/15)

Altars:


Innate Abilities, Weirdness & Mutations

You have very sharp teeth.
Your uncanny sense of smell can sniff out nearby items.
Your experience applies equally to all skills.


Message History

The jackal bites you but does no damage.
You barely miss the jackal. You punch the jackal. You bite the jackal.
You kill the jackal!
No target in view!
No target in view!
No target in view!
A jackal comes into view.
A jackal is nearby!
You see here a jackal corpse.
No target in view!
No target in view!
No target in view!
No target in view!
No target in view!
No target in view!
A jackal is nearby!
Found a whip.
An orc priest comes into view. It is wielding a +0 short sword.
The orc priest shouts!
You hear a shout!
You hear a bark!
An orc priest comes into view. It is wielding a +0 hand axe.
The orc priest invokes the aid of Beogh against you.
Beogh smites you!
You hear a shout! 3 orcs come into view.
An orc is wielding a +1 flail of holy wrath.
The orc shouts!
The jackal barks!
A jackal comes into view.
The orc priest calls down the wrath of Beogh upon you.
Beogh smites you!
* * * LOW HITPOINT WARNING * * *
The orc moves out of view.
The jackal barks!
You hear an angry hiss.
You feel yourself speed up.
A jackal comes into view.
The orc priest invokes the aid of Beogh against you.
Pain shoots through your body!
* * * LOW HITPOINT WARNING * * *
The orc priest calls down the wrath of Beogh upon you.
Pain shoots through your body!
You die...

o).##.........
.o...........
.h..........
#oh......... #..........
##.o.....# +# .
+........# .#####.
...##....h..##........
#......†?@.............
...........###..........
.........).# #.#........
...........###..........
........................
...........###..........
####.......# #..........
.........# #..........
.........###..........


You could see an orc priest, 2 orcs and 3 jackals.

Vanquished Creatures
  2 dart slugs (D:1)
  5 bats
  9 endoplasms
  3 giant cockroaches
  3 goblins
  5 hobgoblins
  4 jackals
  2 kobolds (D:1)
  4 quokkas
  3 ball pythons
  4 frilled lizards
  6 rats
50 creatures vanquished.

Notes
Turn   | Place    | Note
-------+----------+-------------------------------------------
     0 | D:1      | Ablot the Gnoll Warper began the quest for the Orb.
     0 | D:1      | Reached XP level 1. HP: 20/20 MP: 6/6
    39 | D:1      | Found a faded altar of an unknown god.
   283 | D:1      | Reached XP level 2. HP: 26/26 MP: 7/7
   286 | D:1      | Learned a level 2 spell: Blink
   571 | D:1      | Reached XP level 3. HP: 31/31 MP: 9/9
   582 | D:1      | Reached skill level 5 in Spellcasting
   953 | D:1      | Reached skill level 1 in Invocations
  1335 | D:2      | Identified the +1 dagger of Armageddon {venom, *Rage Fly
                  | Str+3 Stlth+}
  1343 | D:2      | Reached skill level 1 in Short Blades
  1343 | D:2      | Reached skill level 1 in Long Blades
  1343 | D:2      | Reached skill level 1 in Axes
  1343 | D:2      | Reached skill level 1 in Maces & Flails
  1343 | D:2      | Reached skill level 1 in Staves
  1343 | D:2      | Reached skill level 1 in Slings
  1343 | D:2      | Reached skill level 1 in Bows
  1343 | D:2      | Reached skill level 1 in Crossbows
  1343 | D:2      | Reached skill level 1 in Stealth
  1343 | D:2      | Reached skill level 1 in Shields
  1343 | D:2      | Reached skill level 1 in Unarmed Combat
  1343 | D:2      | Reached skill level 1 in Evocations
  1690 | D:2      | Reached XP level 4. HP: 38/38 MP: 11/11
  1951 | D:3      | Killed from afar by an orc priest

Illustrated notes

Levels and vault maps discovered:
D:1:      tarquinn_simple_flora_water_c, layout_rooms,
          ebering_ecumenical_altar_petrified
D:2:      layout_basic
D:3:      layout_basic, lemuel_crystal_altar, uniq_jessica

Skill      XL: |  1  2  3 |
---------------+----------+-----
Spellcasting   | 5 |  5.0
Invocations    | 1 |  1.1
Short Blades   | 1 |  1.0
Long Blades    | 1 |  1.0
Axes           | 1 |  1.0
Maces & Flails | 1 |  1.0
Staves         | 1 |  1.0
Slings         | 1 |  1.0
Bows           | 1 |  1.0
Crossbows      | 1 |  1.0
Stealth        | 1 |  1.0
Shields        | 1 |  1.0
Unarmed Combat | 1 |  1.0
Evocations     | 1 |  1.0
Fighting       | |  4.6
Polearms       | |  4.6
Throwing       | |  2.7
Armour         | |  2.7
Dodging        | |  4.6
Conjurations   | |  0.7
Hexes          | |  0.7
Summonings     | |  0.7
Necromancy     | |  0.7
Translocations | |  5.4
Transmutations | |  0.7
Fire Magic     | |  0.7
Ice Magic      | |  0.7
Air Magic      | |  0.7
Earth Magic    | |  0.7
Poison Magic   | |  0.7

Action                   |  1- 3 |  4- 6 || total
-------------------------+-------+-------++-------
Melee: Spear             |   135 |       ||   135
       Bite              |    10 |     2 ||    12
       Punch             |     2 |     1 ||     3
       Dagger            |    16 |     7 ||    23
 Stab: Sleeping          |     3 |       ||     3
Armor: Leather armour    |    29 |     2 ||    31
Dodge: Dodged            |    64 |     2 ||    66
